 Dungeon Crawl Stone Soup version 0.18.1-50-g88ac8fd (webtiles) character file.

1930 pichaelthompson the Whirler (level 9, -3/55 HPs)
             Began as a Halfling Hunter on Oct 31, 2016.
             Was an Initiate of Gozag.
             Slain by sweetandcool's ghost (12 damage)
             ... on level 6 of the Dungeon on Nov 1, 2016.
             The game lasted 00:57:57 (8253 turns).

pichaelthompson the Whirler (Halfling Hunter)       Turns: 8253, Time: 00:57:58

Health: -3/55      AC: 18    Str: 16    XL:     9   Next: 40%
Magic:  9/9        EV: 10    Int:  8    God:    Gozag
Gold:   606        SH:  0    Dex: 16    Spells: 0 memorised, 8 levels left

rFire  . . .     SeeInvis .     a - +1 hunting sling
rCold  . . .     Gourm    .     y - +6 plate armour {ponderous}
rNeg   + . .     Faith    .     (shield restricted)
rPois  .         Spirit   .     (helmet restricted)
rElec  .         Dismiss  .     (no cloak)
rCorr  .         Reflect  .     (no gloves)
SustAt .         Harm     .     D - +0 pair of boots
MR     .....                    h - amulet of regeneration
Stlth  ..........               x - +2 ring of evasion
                                e - ring of positive energy

@: very slightly contaminated, invisible, slow, not resistant to hostile
enchantments, extremely unstealthy
A: horns 2, blink, dopey 1, mutation resistance 1, strong 1
a: Blink, Potion Petition, Call Merchant, Bribe Branch, Renounce Religion


You were on level 6 of the Dungeon.
You worshipped Gozag.
Gozag was noncommittal.
You were not hungry.

You visited 1 branch of the dungeon, and saw 6 of its levels.

You collected 630 gold pieces.
You paid 24 gold pieces to Gozag.

Inventory:

Hand Weapons
 a - a +1 hunting sling (weapon)
 r - a +8 flail of protection
 u - a +0 vampiric dagger
Missiles
 d - 14 sling bullets (quivered)
 m - 181 stones
Armour
 q - a +0 helmet of intelligence
 s - a +0 plate armour
 y - a +6 plate armour of ponderousness (worn)
 D - a +0 pair of boots (worn)
 F - a +7 plate armour of ponderousness
Jewellery
 e - a ring of positive energy (left hand)
 h - an amulet of regeneration (around neck)
 x - a +2 ring of evasion (right hand)
Wands
 o - a wand of random effects (38/48)
Scrolls
 f - a scroll of magic mapping
 n - a scroll of immolation
 v - a scroll of noise {unknown}
 w - a scroll of recharging {unknown}
 E - a scroll of amnesia {unknown}
Potions
 i - 2 potions of agility
 k - a potion of cancellation
 p - a potion of curing {unknown}
 t - a potion of flight {unknown}
 A - a potion of brilliance {unknown}
 B - a potion of lignification {unknown}
 C - a potion of resistance {unknown}
Books
 c - a book of the Warp

   Spells                             Type                      Level
   a - Recall                         Summoning/Translocation      3
   b - Gell's Gravitas                Hexes/Translocation          3
   c - Force Lance                    Conjuration/Translocation    4
   d - Warp Weapon                    Charms/Translocation         5
   e - Summon Forest                  Summoning/Translocation      5
 g - a book of Beasts

   Spells                             Type                      Level
   a - Summon Butterflies             Summoning                    1
   b - Call Canine Familiar           Summoning                    3
   c - Summon Ice Beast               Ice/Summoning                4
   d - Summon Mana Viper              Hexes/Summoning              5
   e - Summon Hydra                   Summoning                    7
Comestibles
 j - 5 bread rations
 z - 2 royal jellies


   Skills:
 + Level 2.5 Fighting
 + Level 15.1 Slings
 + Level 3.7 Armour
 + Level 3.4 Dodging
 - Level 1.1 Stealth


You had 8 spell levels left.
You didn't know any spells.

Dungeon Overview and Level Annotations

Branches:
Dungeon (6/15)
 Temple: D:4-7

Altars:
Ashenzari
Gozag
Xom

Annotations:
D:6 sweetandcool's ghost, novice TrMo


Innate Abilities, Weirdness & Mutations

You are small and have problems with some larger weapons.
You are somewhat resistant to further mutation.
You have a pair of horns on your head.
You can translocate small distances at will.
You are dopey. (Int -2)
Your muscles are strong. (Str +2)


Message History

Aim: sweetandcool's ghost (lightly damaged)
You shoot a sling bullet.
The sling bullet hits sweetandcool's ghost!
Sweetandcool's ghost is moderately damaged.
Firing (i - inventory. (,) - cycle):
d - 15 sling bullets (quivered)
Press: ? - help, Shift-Dir - straight line, f/p - sweetandcool's ghost
Aim: sweetandcool's ghost (moderately damaged)
You shoot a sling bullet.
The sling bullet hits sweetandcool's ghost!
Sweetandcool's ghost is moderately damaged.
Sweetandcool's ghost hits you!
* * * LOW HITPOINT WARNING * * *
You fade into invisibility!
Sweetandcool's ghost barely misses you.
You are very lightly contaminated with residual magic.
Sweetandcool's ghost whispers, "There is no future for you."
Sweetandcool's ghost closely misses you.
Sweetandcool's ghost hits you!
You die...
Your body crumbles into a pile of gold.

.....##..#######.......#.........
#######................#.........
...# ##.#######.......#.........
##.### #.# #.......#.........
#....# #.# #.......#.........
.....# #.# #####.......#.........
.....# #.# #...........########.#
.#.### #.# #...........########.#
...# #.# #....@............##.#
#).# #.# #...W.......#####.##.#
#).# #.# ##.#............#.##.#
#..# #.# #.#.##########.#.##.#
.#.#####.####.#..............##..
.#.#..........#............######
.#).)###.######............# #
.#..)#....# #(...........# #
.#..<.....# #.############ #


You could see sweetandcool's ghost.

Vanquished Creatures
  Sigmund (D:5)
  Menkaure (D:5)
  Edmund (D:6)
  Duvessa (D:6)
  An orc warrior (D:6)
  A necrophage (D:5)
  2 ice beasts
  2 sky beasts
  A centaur (D:6)
  The ghost of hardlysuper the Sneak, an amateur OpAs of Makhleb (D:4)
  2 giant frogs (D:6)
  Blork the orc (D:5)
  Dowan (D:6)
  A jelly (D:5)
  2 centaur zombies
  A crimson imp (D:6)
  A hound (D:6)
  An orc priest (D:5)
  An iguana (D:5)
  A worker ant (D:4)
  2 orc wizards (D:3)
  A hound zombie (D:5)
  A howler monkey zombie (D:6)
  A gnoll (D:1)
  8 adders
  A shadow imp (D:6)
  An adder zombie (D:6)
  2 worms
  2 dart slugs (D:1)
  6 giant geckos
  15 orcs
  10 bats
  3 giant cockroaches
  5 goblins
  A hobgoblin (D:2)
  10 jackals
  A ball python (D:3)
  5 giant newts
  4 kobolds
  4 rats
107 creatures vanquished.

Notes
Turn   | Place    | Note
--------------------------------------------------------------
     0 | D:1      | pichaelthompson the Halfling Hunter began the quest for the Orb.
     0 | D:1      | Reached XP level 1. HP: 14/14 MP: 1/1
   340 | D:1      | Reached skill level 6 in Slings
   520 | D:1      | Reached XP level 2. HP: 19/19 MP: 2/2
   799 | D:1      | Reached XP level 3. HP: 24/24 MP: 3/3
  1101 | D:2      | Reached skill level 7 in Slings
  1523 | D:2      | Reached XP level 4. HP: 29/29 MP: 4/4
  1556 | D:2      | Found a shimmering altar of Xom.
  2515 | D:3      | Reached skill level 8 in Slings
  2515 | D:3      | Reached XP level 5. HP: 31/34 MP: 5/5
  2735 | D:3      | Found an opulent altar of Gozag.
  2764 | D:3      | Became a worshipper of Gozag Ym Sagoz the Greedy
  3470 | D:3      | Found a shattered altar of Ashenzari.
  4263 | D:4      | Noticed hardlysuper's ghost (amateur OpAs)
  4274 | D:4      | Killed hardlysuper's ghost
  4274 | D:4      | Reached skill level 9 in Slings
  4274 | D:4      | Reached XP level 6. HP: 39/39 MP: 6/6
  5102 | D:5      | Entered Level 5 of the Dungeon
  5236 | D:5      | Gained mutation: You can translocate small distances at will. [potion of mutation]
  5279 | D:5      | Gained mutation: You have a pair of small horns on your head. [potion of mutation]
  5279 | D:5      | Gained mutation: You have a pair of horns on your head. [potion of mutation]
  5279 | D:5      | Gained mutation: Your muscles are strong. (Str +2) [potion of mutation]
  5280 | D:5      | Gained mutation: You are dopey. (Int -2) [potion of mutation]
  5364 | D:5      | Noticed Sigmund
  5381 | D:5      | Killed Sigmund
  5381 | D:5      | Reached skill level 10 in Slings
  5381 | D:5      | Reached skill level 1 in Armour
  5381 | D:5      | Reached XP level 7. HP: 45/45 MP: 7/7
  5860 | D:5      | Reached skill level 11 in Slings
  6123 | D:5      | Reached XP level 8. HP: 35/50 MP: 8/8
  6171 | D:5      | Reached skill level 12 in Slings
  6227 | D:5      | Noticed Blork the orc
  6241 | D:5      | Killed Blork the orc
  6609 | D:5      | Noticed Menkaure
  6621 | D:5      | Killed Menkaure
  6826 | D:6      | Reached skill level 13 in Slings
  7405 | D:6      | Noticed Dowan
  7406 | D:6      | Noticed Duvessa
  7435 | D:6      | Killed Duvessa
  7435 | D:6      | Reached skill level 14 in Slings
  7435 | D:6      | Reached XP level 9. HP: 50/54 MP: 9/9
  7446 | D:6      | Killed Dowan
  7639 | D:6      | Noticed Edmund
  7677 | D:6      | Killed Edmund
  8037 | D:6      | Reached skill level 15 in Slings
  8217 | D:6      | Noticed sweetandcool's ghost (novice TrMo)
  8253 | D:6      | Slain by sweetandcool's ghost

Skill      XL: |  1  2  3  4  5  6  7  8  9 |
---------------+----------------------------+-----
Slings         | 6 7 8 9 10 11 14 15 | 15.1
Dodging        | 3 |  3.4
Fighting       | 2 |  2.5
Armour         | 1 2 3 |  3.7
Stealth        | |  1.1

Action                   |  1- 3 |  4- 6 |  7- 9 || total
-------------------------+-------+-------+-------++-------
Melee: Hunting sling     |       |    10 |     4 ||    14
       Headbutt          |       |       |     1 ||     1
 Fire: Hunting sling     |    54 |   211 |   329 ||   594
Invok: Potion Petition   |       |     1 |       ||     1
 Abil: Blink             |       |     2 |       ||     2
  Use: Scroll            |       |     8 |     5 ||    13
       Potion            |       |     4 |     2 ||     6
  Eat: Bread ration      |     1 |     2 |       ||     3
       Beef jerky        |       |     1 |       ||     1
       Meat ration       |       |       |     2 ||     2
       Pizza             |       |       |     1 ||     1
Armor: Leather armour    |     5 |    19 |       ||    24
       Skin              |       |     1 |       ||     1
       Chain mail        |       |    29 |       ||    29
       Plate armour      |       |    18 |    94 ||   112
Dodge: Dodged            |    29 |    96 |    47 ||   172
